 Dungeon Crawl Stone Soup version 0.28-b1-25-g9875b3fc8c (webtiles) character file.

Game seed: 874506843788189058

6057 sanka the Destroyer (level 10, -1/60 HPs)
             Began as a Tengu Enchanter on Feb 5, 2022.
             Was a Believer of Vehumet.
             Slain by a thrashing horror (13 damage)
             ... on level 1 of the Abyss.
             The game lasted 00:17:24 (11779 turns).

sanka the Destroyer (Tengu Enchanter)              Turns: 11779, Time: 00:17:25

Health: -1/60      AC:  5    Str:  9    XL:     10   Next: 87%
Magic:  20/20      EV: 22    Int: 26    God:    Vehumet [**....]
Gold:   330        SH:  0    Dex: 14    Spells: 14/21 levels left

rFire   . . .      SeeInvis .   a - +0 whip (venom)
rCold   . . .      Faith    .   (no shield)
rNeg    + . .      Spirit   .   C - +2 robe {rN+}
rPois   .          Reflect  .   (helmet restricted)
rElec   .          Harm     .   p - +0 cloak
rCorr   .          Rampage  .   (no gloves)
Will    .....                   (boots unavailable)
Stlth   ++........              A - amulet of magic regeneration
HPRegen 0.20/turn               B - +4 ring of evasion
MPRegen 0.57/turn               z - +6 ring of intelligence

@: flying quickly and evasively, quick
A: beak, talons 3, nimble flight
a: Renounce Religion


You were on level 1 of the Abyss.
You worshipped Vehumet.
Vehumet was pleased with you.
You visited 2 branches of the dungeon, and saw 8 of its levels.
You visited the Abyss 1 time.

You collected 330 gold pieces.

Inventory:

Hand Weapons
 a - a +0 whip of venom (weapon)
 b - a +0 hunting sling
 k - a +1 dagger
 w - a +4 flail
Missiles
 c - 3 throwing nets
 j - 128 stones
Armour
 p - a +0 cloak (worn)
 C - a +2 robe of positive energy (worn)
Jewellery
 q - a +6 ring of dexterity
 z - a +6 ring of intelligence (right hand)
 A - an amulet of magic regeneration (around neck)
 B - a +4 ring of evasion (left hand)
Wands
 i - a wand of mindburst (3)
Scrolls
 e - a scroll of summoning {unknown}
 f - a scroll of fear {unknown}
 h - 3 scrolls of immolation
 l - 2 scrolls of vulnerability
 o - a scroll of magic mapping {unknown}
 t - 2 scrolls of fog
 u - a scroll of silence {unknown}
 v - a scroll of enchant armour {unknown}
 x - a scroll of identify
 D - a scroll of teleportation {unknown}
Potions
 d - 4 potions of degeneration {unknown}
 g - a potion of curing
 m - a potion of ambrosia {unknown}
 n - a potion of haste {unknown}
 r - 4 potions of berserk rage {unknown}
 s - 3 potions of lignification {unknown}


   Skills:
 - Level 6.0 Fighting
 - Level 1.1 Short Blades
 + Level 7.4 Dodging
 - Level 3.0 Stealth
 - Level 6.0 Spellcasting
 - Level 12.0 Conjurations
 - Level 2.1 Hexes
 - Level 8.0 Fire Magic


You had 14 spell levels left.
You knew the following spells:

 Your Spells              Type           Power      Damage    Failure   Level
a - Flame Wave            Conj/Fire      56%        2d11      1%          4
b - Mephitic Cloud        Conj/Pois/Air  28%        N/A       4%          3

Your spell library contained the following spells:

 Spells                   Type           Power      Damage    Failure   Level
 Magic Dart               Conj           100%       1d8       1%          1
 Foxfire                  Conj/Fire      100%       2x1d9     1%          1
 Scorch                   Fire           98%        2d10      1%          2
 Conjure Flame            Conj/Fire      56%        6-21      1%          3
 Dazzling Flash           Conj/Hex       88%        N/A       1%          3
 Inner Flame              Hex/Fire       34%        N/A       2%          3
 Ensorcelled Hibernation  Hex/Ice        26%        N/A       7%          2
 Ignite Poison            Fire/Tmut/Pois 21%        N/A       7%          3
 Confusing Touch          Hex            19%        N/A       9%          3
 Tukima's Dance           Hex            19%        N/A       9%          3
 Freezing Cloud           Conj/Ice/Air   14%        6-21      36%         5
 Summon Cactus Giant      Summ           3%         N/A       100%        6


Dungeon Overview and Level Annotations

Branches:
Dungeon (7/15)             Temple (1/1) D:4

Altars:
Ashenzari
Cheibriados
Dithmenos
Fedhas
Gozag
Hepliaklqana
Kikubaaqudgha
Makhleb
Qazlal
Ru
Trog
Vehumet
Wu Jian
Yredelemnul
The Shining One

Shops:
D:4 [

Annotations:
D:5 2 runed translucent doors, tv1990's ghost, amateur FoMo
D:7 exclusion: oklob plant


Innate Abilities, Weirdness & Mutations

You have a beak for a mouth.
You have claws for feet.
Your magical nature lets you fly swiftly and evasively.


Message History

The thrashing horror misses you.
The thrashing horror completely misses you.
As you read the scroll of identify, it crumbles to dust.
l - 2 scrolls of vulnerability The thrashing horror tramples you!
You hold your ground!
The thrashing horror tramples you.
* * * LOW HITPOINT WARNING * * *
You hold your ground!
As you read the scroll of identify, it crumbles to dust.
t - 2 scrolls of fog The thrashing horror closely misses you.
The thrashing horror completely misses you.
You feel better.
Okay, then.
The thrashing horror misses you. The thrashing horror tramples you.
You hold your ground!
The thrashing horror roars!
The thrashing horror misses you.
The thrashing horror completely misses you.
You hit the thrashing horror but do no damage.
You claw the thrashing horror.
The thrashing horror is lightly damaged.
The thrashing horror barely misses you.
The thrashing horror tramples you but does no damage.
The thrashing horror completely misses you. x2
The thrashing horror tramples you!
* * * LOW HITPOINT WARNING * * *
You hold your ground!
The thrashing horror misses you.
The thrashing horror roars!
The thrashing horror completely misses you. x2
The thrashing horror tramples you!
* * * LOW HITPOINT WARNING * * *
You hold your ground!
The thrashing horror barely misses you.
You feel better.
Aiming: Mindburst
Press: ? - help, Shift-Dir - straight line, f/p - thrashing horror
Aim: a thrashing horror (lightly damaged, chance to affect: 29%)
Okay, then.
The thrashing horror tramples you!
You die...

. . # # .
#.... # #..#
... . #... ##
#. #.#.##..#.
# #.#...##. .#
###.#..#.##.#
##..#...#.#.##
#. ...#..#@..#
# ####..#X..##
. #.#.#..##.#
#.....#.###
#..###### ##.#
###


You could see a thrashing horror.

Vanquished Creatures
  Harold (D:7)
  A boulder beetle (D:7)
  2 two-headed ogres
  Pikel (D:6)
  A troll (D:7)
  Prince Ribbit (D:7)
  A wyvern (D:7)
  Sigmund (D:3)
  A wraith (D:7)
  A steam dragon (D:7)
  Menkaure (D:6)
  A water moccasin (D:7)
  2 sky beasts
  2 ogres
  2 black bears
  A lemure (D:6)
  3 phantoms
  4 bullfrogs
  2 wyvern zombies (D:7)
  2 scorpions
  6 wights (D:7)
  A centaur zombie (D:6)
  2 jellies (D:7)
  3 centaur skeletons
  3 orc wizards
  4 iguanas
  4 gnolls (D:2)
  5 adders
  A shadow imp (D:7)
  A white imp (D:7)
  An ufetubus (D:5)
  An adder skeleton (D:5)
  2 dart slugs
  14 orcs
  3 ball pythons
  3 endoplasms
  4 giant cockroaches
  9 goblins
  12 hobgoblins
  3 jackals (D:4)
  3 quokkas
  6 bats
  4 frilled lizards
  8 kobolds
  A rat (D:1)
135 creatures vanquished.

Vanquished Creatures (others)
  A bush (D:7)
  13 fungi (D:7)
  33 plants (D:7)
  19 toadstools (D:7)
66 creatures vanquished.

Grand Total: 201 creatures vanquished

Notes
Turn   | Place    | Note
-------+----------+-------------------------------------------
     0 | D:1      | sanka the Tengu Enchanter began the quest for the Orb.
     0 | D:1      | Reached XP level 1. HP: 10/10 MP: 4/4
   487 | D:1      | Reached skill level 1 in Fighting
   487 | D:1      | Reached XP level 2. HP: 16/16 MP: 6/6
  1247 | D:2      | Reached XP level 3. HP: 12/21 MP: 7/7
  1477 | D:2      | Reached XP level 4. HP: 13/26 MP: 8/8
  1485 | D:2      | Reached skill level 1 in Conjurations
  1777 | D:1      | Learned a level 4 spell: Flame Wave
  2539 | D:2      | Found a faded altar of an unknown god.
  2826 | D:2      | Found a shadowy altar of Dithmenos.
  3151 | D:3      | Reached skill level 2 in Conjurations
  3220 | D:3      | Noticed Sigmund
  3401 | D:3      | Reached skill level 1 in Fire Magic
  3566 | D:3      | Gained mutation: Your magical nature lets you fly swiftly
                  | and evasively. [Tengu growth]
  3566 | D:3      | Reached XP level 5. HP: 30/30 MP: 9/9
  3762 | D:3      | Reached skill level 3 in Conjurations
  4213 | D:4      | Found a staircase to the Ecumenical Temple.
  4229 | Temple   | Entered the Ecumenical Temple
  4460 | Temple   | Became a worshipper of Vehumet
  4500 | D:4      | Found Wuocvify's Armour Boutique.
  4587 | D:4      | Reached skill level 4 in Conjurations
  5276 | D:4      | Reached XP level 6. HP: 12/35 MP: 10/10
  5550 | D:4      | Identified the +2 chain mail of the Hills {Rampage rF++
                  | Will+ Slay-2}
  5976 | D:5      | Entered Level 5 of the Dungeon
  6080 | D:5      | Found an ancient bone altar of Kikubaaqudgha.
  6255 | D:5      | Found a glowing golden altar of the Shining One.
  6255 | D:5      | Noticed a black bear
  6273 | D:5      | Killed a black bear
  6274 | D:5      | Reached skill level 5 in Conjurations
  6701 | D:4      | Reached skill level 6 in Conjurations
  6701 | D:4      | Reached XP level 7. HP: 40/40 MP: 11/11
  6752 | D:5      | Noticed tv1990's ghost (amateur FoMo)
  6752 | D:5      | Found a large runed translucent door.
  6752 | D:5      | Found a large runed translucent door.
  6893 | D:5      | Noticed a two-headed ogre
  6923 | D:5      | Killed a two-headed ogre
  6924 | D:5      | Reached skill level 8 in Conjurations
  6924 | D:5      | Reached skill level 9 in Conjurations
  6924 | D:5      | Reached skill level 5 in Fire Magic
  6924 | D:5      | Reached XP level 8. HP: 14/44 MP: 12/12
  7763 | D:3      | Killed Sigmund
  7914 | D:6      | Reached skill level 10 in Conjurations
  8376 | D:6      | Noticed Menkaure
  8384 | D:6      | Killed Menkaure
  8385 | D:6      | Reached XP level 9. HP: 46/48 MP: 8/16
  8425 | D:6      | Noticed Pikel
  8436 | D:6      | Killed Pikel
  8438 | D:6      | Reached * piety under Vehumet
  8438 | D:6      | Offered knowledge of Freeze by Vehumet.
  8841 | D:7      | Noticed Harold
  8859 | D:7      | Killed Harold
  8860 | D:7      | Reached skill level 5 in Dodging
  8860 | D:7      | Reached skill level 5 in Spellcasting
  9091 | D:7      | Learned a level 3 spell: Mephitic Cloud
  9345 | D:7      | Reached skill level 11 in Conjurations
  9345 | D:7      | Reached XP level 10. HP: 56/56 MP: 10/18
  9428 | D:7      | Noticed Prince Ribbit
  9438 | D:7      | Killed Prince Ribbit
  9691 | D:7      | Offered knowledge of Magic Dart by Vehumet.
  9854 | D:7      | Reached ** piety under Vehumet
  9983 | D:7      | Found a sacrificial altar of Ru.
 10093 | D:7      | Found a blossoming altar of Fedhas.
 10119 | D:7      | Noticed an oklob plant
 10415 | D:7      | Found a snail-covered altar of Cheibriados.
 10839 | D:7      | Noticed a two-headed ogre
 10839 | D:7      | Noticed a two-headed ogre
 10841 | D:7      | Noticed a boulder beetle
 10846 | D:7      | Noticed a manticore
 11489 | D:7      | Killed a two-headed ogre
 11490 | D:7      | Reached skill level 5 in Fighting
 11677 | D:7      | Killed a boulder beetle
 11678 | D:7      | Reached skill level 12 in Conjurations
 11686 | D:7      | Cast into level 1 of the Abyss (orc wizard)
 11705 | Abyss:1  | Found a corrupted altar of Lugonu.
 11715 | Abyss:1  | Noticed a thrashing horror
 11776 | Abyss:1  | HP: 2/60 [thrashing horror (10)]
 11779 | Abyss:1  | Slain by a thrashing horror

Illustrated notes

Levels and vault maps discovered:
D:1:      tarquinn_simple_flora_water_b, layout_basic, minmay_misc_feat_rows,
          hangedman_decor_push, minmay_tetromino_o4
D:2:      layout_basic, shapermc_ecumenical_altar_flowoftime, basic_altar
D:3:      layout_loops_cross, minmay_goblin_kobold_house, uniq_sigmund
D:4:      layout_layer_cave, minmay_temple_entry_tees, serial_shops, shop
D:5:      layout_basic, tso_metal_star, mainiacjoe_overflow_brackets,
          ebering_ghost_disaster_area
D:6:      layout_cave_pods, uniq_menkaure, uniq_pikel
D:7:      minmay_the_grid_triangle_9x9_recursive_2
          [minmay_the_grid_triangle_9x9_prize_top_heavy,
          minmay_the_grid_triangle_9x9_alien,
          minmay_the_grid_triangle_9x9_dagger,
          minmay_the_grid_triangle_9x9_semitri], layout_layer_cave,
          nicolae_ru_path_of_blood, chei_slow_surprise, tgw_fedhas,
          corexii_checkpoint_a, uniq_harold, uniq_prince_ribbit1
Temple:   eino_temple_lava
Abyss:1:  base: D:4, hangedman_abyss_or_decor_clamps,
          hangedman_abyss_or_decor_clamps

Skill      XL: |  1  2  3  4  5  6  7  8  9 10 |
---------------+-------------------------------+-----
Fighting       | 1 2 4 6 |  6.0
Dodging        | 3 4 5 7 |  7.4
Conjurations   | 2 4 6 9 10 11 12 | 12.0
Fire Magic     | 1 2 3 5 6 7 8 |  8.0
Spellcasting   | 4 5 6 |  6.0
Short Blades   | |  1.1
Stealth        | |  3.0
Hexes          | |  2.1

Action                   |  1- 3 |  4- 6 |  7- 9 | 10-12 || total
-------------------------+-------+-------+-------+-------++-------
Melee: Dagger            |    59 |    25 |     2 |       ||    86
       Kick              |    17 |    54 |    14 |     9 ||    94
       Peck              |     6 |    23 |    14 |     4 ||    47
       Whip              |       |   121 |    29 |     7 ||   157
       Flail             |       |       |       |    15 ||    15
       Punch             |       |       |       |     1 ||     1
 Fire: Hunting sling     |       |    38 |       |       ||    38
 Cast: Flame Wave        |       |     1 |    19 |    29 ||    49
Evoke: Wand              |       |       |     7 |     8 ||    15
  Use: Potion            |     1 |       |     4 |     2 ||     7
       Scroll            |       |       |       |     3 ||     3
 Stab: Sleeping          |     7 |     7 |     2 |       ||    16
       Invisible         |     4 |       |       |       ||     4
       Distracted        |       |     1 |       |     1 ||     2
Armor: Robe              |     5 |    27 |    13 |     6 ||    51
Dodge: Dodged            |    26 |   135 |    75 |    94 ||   330
